| TOP OF THE 1ST |
|
Lakewood BlueClaws batting - Pitching for Hagerstown Suns : LHP Mike Montgomery
|
|
Pitching: LHP Mike Montgomery
|
|
|
Batting: RHB Joe Hewitt
|
0-0: Foul Ball, location: 2F 0-1: Ground out 5-3 (Groundball, 56, EV 86.2 MPH)
|
|
Batting: RHB Mark Schultz
|
0-0: Called Strike 0-1: Fly out, F8 (Flyball, 89S, EV 81.2 MPH)
|
|
Batting: RHB Victor Arroyo
|
0-0: Called Strike 0-1: Ball 1-1: Ball 2-1: Swinging Strike 2-2: Strikes out swinging
|
| Top of the 1st over - 0 runs, 0 hits, 0 errors, 0 left on base; Lakewood 0 - Hagerstown 0 |
| BOTTOM OF THE 1ST |
|
Hagerstown Suns batting - Pitching for Lakewood BlueClaws : RHP Roberto Ruiz
|
|
Pitching: RHP Roberto Ruiz
|
|
|
Batting: RHB Antonio Morado
|
0-0: Called Strike 0-1: SINGLE (Flyball, 6D, EV 88.1 MPH)
|
|
Batting: RHB John Savard
|
0-0: Called Strike 0-1: DOUBLE (Line Drive, 89D, EV 103.8 MPH) Antonio Morado to third
|
|
Batting: RHB Ben Welt
|
0-0: Ball 1-0: Ball 2-0: Foul Ball, location: 2F 2-1: Called Strike 2-2: Foul Ball, location: 2F 2-2: Strikes out swinging
|
|
Batting: LHB Evan Oliveri
|
0-0: Ball 1-0: Called Strike 1-1: Ball 2-1: Ball 3-1: Called Strike 3-2: Base on Balls
|
|
Batting: RHB Steve Bauman
|
0-0: Ball 1-0: Ball 2-0: Called Strike 2-1: Foul Ball, location: 2F 2-2: Ball 3-2: Foul Ball, location: 2F 3-2: DOUBLE (Line Drive, 78D, EV 98.1 MPH) Antonio Morado scores John Savard scores Evan Oliveri to third Runner from 3rd tries for Home, SAFE, no throw by CF
|
|
Batting: RHB Gabe Almazan
|
0-0: Ball 1-0: Ball 2-0: Swinging Strike 2-1: SINGLE (Line Drive, 78M, EV 106.2 MPH) Steve Bauman to third Runner from 3rd tries for Home, SAFE, throw by CF to home Gabe Almazan to second
|
|
Batting: RHB Jim Towle
|
0-0: Called Strike 0-1: Ball 1-1: Called Strike 1-2: Foul Ball, location: 2F 1-2: Ball 2-2: Ball 3-2: Foul Ball, location: 2F 3-2: Base on Balls
|
|
Batting: RHB Marcus Dawson
|
0-0: Ball Wild Pitch! Gabe Almazan to third Jim Towle to second 1-0: Ball 2-0: Ball 3-0: Base on Balls
|
|
Batting: RHB Chris Pynn
|
0-0: Ball 1-0: Foul Ball, location: 2F 1-1: Grounds into fielders choice 1-2 (Groundball, 13S, EV 70.0 MPH) Jim Towle to third Marcus Dawson to second
|
|
Batting: RHB Antonio Morado
|
0-0: Called Strike 0-1: SINGLE (Groundball, 25, EV 73.1 MPH) (infield hit) Jim Towle scores Marcus Dawson to third Chris Pynn to second
|
|
Batting: RHB John Savard
|
0-0: DOUBLE (Line Drive, 78D, EV 104.4 MPH) Marcus Dawson scores Chris Pynn scores Antonio Morado to third
|
|
Pitching: LHP Chris Burch
|
|
|
Batting: RHB Ben Welt
|
0-0: Called Strike 0-1: Ball 1-1: Swinging Strike 1-2: Ball 2-2: Strikes out swinging, 2-3 out at first.
|
| Bottom of the 1st over - 7 runs, 6 hits, 0 errors, 2 left on base; Lakewood 0 - Hagerstown 7 |
| TOP OF THE 2ND |
|
Lakewood BlueClaws batting - Pitching for Hagerstown Suns : LHP Mike Montgomery
|
|
Batting: RHB Pablo Lopez
|
0-0: Called Strike 0-1: Ball 1-1: Ball 2-1: Ball 3-1: Ground out 5-3 (Groundball, 56, EV 91.9 MPH)
|
|
Batting: RHB Vaclav Been
|
0-0: Swinging Strike 0-1: Ball 1-1: Foul Ball, location: 2F 1-2: Ball 2-2: Ball 3-2: Foul Ball, location: 2F 3-2: Strikes out swinging
|
|
Batting: LHB Alex Fernandez
|
0-0: Called Strike 0-1: Ball 1-1: Foul Ball, location: 2F 1-2: Strikes out swinging
|
| Top of the 2nd over - 0 runs, 0 hits, 0 errors, 0 left on base; Lakewood 0 - Hagerstown 7 |
| BOTTOM OF THE 2ND |
|
Hagerstown Suns batting - Pitching for Lakewood BlueClaws : LHP Chris Burch
|
|
Batting: LHB Evan Oliveri
|
0-0: SINGLE (Line Drive, 4D, EV 98.8 MPH)
|
|
Batting: RHB Steve Bauman
|
0-0: Ball Evan Oliveri steals 2nd base 1-0: Ball 2-0: Ball 3-0: Base on Balls
|
|
Batting: RHB Gabe Almazan
|
0-0: Ball 1-0: Ball 2-0: Called Strike 2-1: Ball 3-1: Swinging Strike 3-2: Base on Balls Evan Oliveri to third Steve Bauman to second
|
|
Batting: RHB Jim Towle
|
0-0: Fly out, F8 (Flyball, 89S, EV 78.1 MPH)
|
|
Batting: RHB Marcus Dawson
|
0-0: Fly out, F9 (Flyball, 89M, EV 90.0 MPH)
|
|
Batting: RHB Chris Pynn
|
0-0: Ball 1-0: Foul Ball, location: 2F 1-1: Swinging Strike 1-2: Strikes out swinging
|
| Bottom of the 2nd over - 0 runs, 1 hit, 0 errors, 3 left on base; Lakewood 0 - Hagerstown 7 |
| TOP OF THE 3RD |
|
Lakewood BlueClaws batting - Pitching for Hagerstown Suns : LHP Mike Montgomery
|
|
Batting: RHB Prabhukumar Santhanakrishnan
|
0-0: Ball 1-0: Ball 2-0: Foul Ball, location: 2F 2-1: Ball 3-1: Base on Balls
|
|
Batting: RHB Frank Shelton
|
0-0: Called Strike 0-1: DOUBLE (Line Drive, 89XD, EV 111.9 MPH) Prabhukumar Santhanakrishnan to third
|
|
Batting: RHB Pedro Mata
|
0-0: Ball 1-0: Called Strike 1-1: Foul Ball, location: 2F 1-2: SINGLE (Groundball, 34, EV 108.8 MPH) (infield hit) Prabhukumar Santhanakrishnan scores Frank Shelton to third
|
|
Batting: RHB Joe Hewitt
|
0-0: Ball 1-0: Ball 2-0: Ball 3-0: Base on Balls Pedro Mata to second
|
|
Batting: RHB Mark Schultz
|
0-0: Ball 1-0: Ball 2-0: Called Strike 2-1: Ball 3-1: Foul Ball, location: 2F 3-2: Strikes out swinging
|
|
Batting: RHB Victor Arroyo
|
0-0: Foul Ball, location: 2F 0-1: Swinging Strike 0-2: Ball 1-2: Ball 2-2: Strikes out swinging
|
|
Batting: RHB Pablo Lopez
|
0-0: Ball 1-0: Called Strike 1-1: Ball 2-1: Fly out, F8 (Line Drive, 8LD, EV 90.0 MPH)
|
| Top of the 3rd over - 1 run, 2 hits, 0 errors, 3 left on base; Lakewood 1 - Hagerstown 7 |
| BOTTOM OF THE 3RD |
|
Hagerstown Suns batting - Pitching for Lakewood BlueClaws : LHP Chris Burch
|
|
Batting: RHB Antonio Morado
|
0-0: Called Strike 0-1: Fly out, F3 (Popup, 3SF, EV 78.1 MPH)
|
|
Batting: RHB John Savard
|
0-0: Ball 1-0: Fly out, F8 (Flyball, 8LXD, EV 108.8 MPH)
|
|
Batting: RHB Ben Welt
|
0-0: Called Strike 0-1: Ball 1-1: Foul Ball, location: 2F 1-2: Strikes out swinging
|
| Bottom of the 3rd over - 0 runs, 0 hits, 0 errors, 0 left on base; Lakewood 1 - Hagerstown 7 |
| TOP OF THE 4TH |
|
Lakewood BlueClaws batting - Pitching for Hagerstown Suns : LHP Mike Montgomery
|
|
Batting: RHB Vaclav Been
|
0-0: Ball 1-0: Ball 2-0: Ball 3-0: Base on Balls
|
|
Batting: LHB Alex Fernandez
|
0-0: SINGLE (Groundball, 34D, EV 86.2 MPH) (infield hit) Vaclav Been to second
|
|
Batting: RHB Prabhukumar Santhanakrishnan
|
0-0: Ball 1-0: Grounds into double play, 5-4-3 (Groundball, 5S, EV 77.5 MPH) Vaclav Been to third
|
|
Batting: RHB Frank Shelton
|
0-0: Ball 1-0: Called Strike 1-1: Ground out U3 (Groundball, 34S, EV 85.0 MPH)
|
| Top of the 4th over - 0 runs, 1 hit, 0 errors, 1 left on base; Lakewood 1 - Hagerstown 7 |
| BOTTOM OF THE 4TH |
|
Hagerstown Suns batting - Pitching for Lakewood BlueClaws : LHP Chris Burch
|
|
Batting: LHB Evan Oliveri
|
0-0: Foul Ball, location: 2F 0-1: Ball 1-1: Foul Ball, location: 2F 1-2: Ball 2-2: Strikes out swinging
|
|
Batting: RHB Steve Bauman
|
0-0: Ball 1-0: Called Strike 1-1: Ball 2-1: SOLO HOME RUN (Flyball, 8LXD, EV 115.0 MPH), Distance : 430 ft
|
|
Pitching: RHP Omar Pineda
|
|
|
Batting: RHB Gabe Almazan
|
0-0: Ball 1-0: Called Strike 1-1: Swinging Strike 1-2: Strikes out swinging
|
|
Batting: RHB Jim Towle
|
0-0: Ball 1-0: Ball 2-0: Foul Ball, location: 2F 2-1: SINGLE (Groundball, 4MD, EV 108.8 MPH)
|
|
Batting: RHB Marcus Dawson
|
0-0: Called Strike Jim Towle steals 2nd base 0-1: Foul Ball, location: 2F 0-2: Ball 1-2: Ball 2-2: Foul Ball, location: 2F 2-2: Foul Ball, location: 2F 2-2: Foul Ball, location: 2F 2-2: Ground out 4-3 (Groundball, 4, EV 85.0 MPH)
|
| Bottom of the 4th over - 1 run, 2 hits, 0 errors, 1 left on base; Lakewood 1 - Hagerstown 8 |
| TOP OF THE 5TH |
|
Lakewood BlueClaws batting - Pitching for Hagerstown Suns : LHP Mike Montgomery
|
|
Batting: RHB Pedro Mata
|
0-0: SINGLE (Line Drive, 8RS, EV 110.6 MPH)
|
|
Batting: RHB Joe Hewitt
|
0-0: Ball 1-0: Ball 2-0: Foul Ball, location: 2F 2-1: Ball 3-1: Swinging Strike 3-2: Strikes out looking
|
|
Batting: RHB Mark Schultz
|
0-0: Foul Ball, location: 2F 0-1: Ball 1-1: Swinging Strike 1-2: Strikes out swinging
|
|
Pitching: LHP Gregg Huddleston
|
|
|
Batting: RHB Victor Arroyo
|
0-0: Called Strike 0-1: Ball 1-1: Swinging Strike 1-2: Foul Ball, location: 2F 1-2: Ball 2-2: Strikes out swinging
|
| Top of the 5th over - 0 runs, 1 hit, 0 errors, 1 left on base; Lakewood 1 - Hagerstown 8 |
| BOTTOM OF THE 5TH |
|
Hagerstown Suns batting - Pitching for Lakewood BlueClaws : RHP Omar Pineda
|
|
Batting: RHB Chris Pynn
|
0-0: Ball 1-0: Called Strike 1-1: SINGLE (Groundball, 6MD, EV 103.1 MPH)
|
|
Batting: RHB Antonio Morado
|
0-0: Called Strike 0-1: Ball 1-1: Fly out, F9 (Flyball, 9D, EV 84.4 MPH)
|
|
Batting: RHB John Savard
|
0-0: Foul Ball, location: 2F 0-1: Ball 1-1: Foul Ball, location: 2F 1-2: SINGLE (Groundball, 34S, EV 66.9 MPH) (infield hit) Chris Pynn to second
|
|
Batting: RHB Ben Welt
|
0-0: Ball 1-0: Foul Ball, location: 2F 1-1: Called Strike 1-2: SINGLE (Groundball, 34D, EV 95.6 MPH) Chris Pynn to third John Savard to second
|
|
Batting: LHB Evan Oliveri
|
0-0: Swinging Strike 0-1: Ball 1-1: Ball 2-1: Ball 3-1: Base on Balls Chris Pynn scores John Savard to third Ben Welt to second
|
|
Pitching: RHP Francisco Tejada
|
|
|
Batting: RHB Steve Bauman
|
0-0: Swinging Strike 0-1: Grounds into double play, 4-6-3 (Groundball, 4S, EV 85.0 MPH)
|
| Bottom of the 5th over - 1 run, 3 hits, 0 errors, 2 left on base; Lakewood 1 - Hagerstown 9 |
| TOP OF THE 6TH |
|
Lakewood BlueClaws batting - Pitching for Hagerstown Suns : LHP Gregg Huddleston
|
|
Batting: RHB Pablo Lopez
|
0-0: Ball 1-0: Ball 2-0: Called Strike 2-1: Foul Ball, location: 2F 2-2: Ground out 6-3 (Groundball, 6, EV 80.0 MPH)
|
|
Batting: RHB Vaclav Been
|
0-0: Ball 1-0: Ball 2-0: Foul Ball, location: 2F 2-1: Ball 3-1: SINGLE (Groundball, 25, EV 70.0 MPH) (infield hit)
|
|
Batting: LHB Alex Fernandez
|
0-0: Ball 1-0: Foul Ball, location: 2F 1-1: Grounds into double play, 4-6-3 (Groundball, 4, EV 90.6 MPH)
|
| Top of the 6th over - 0 runs, 1 hit, 0 errors, 0 left on base; Lakewood 1 - Hagerstown 9 |
| BOTTOM OF THE 6TH |
|
Hagerstown Suns batting - Pitching for Lakewood BlueClaws : RHP Francisco Tejada
|
|
Batting: RHB Gabe Almazan
|
0-0: Ball 1-0: Called Strike 1-1: Ground out 4-3 (Groundball, 4M, EV 105.6 MPH)
|
|
Batting: RHB Jim Towle
|
0-0: Ball 1-0: Ball 2-0: Ball 3-0: Called Strike 3-1: Base on Balls
|
|
Batting: RHB Marcus Dawson
|
0-0: Fly out, F7 (Flyball, 78M, EV 96.2 MPH)
|
|
Batting: RHB Chris Pynn
|
0-0: Ball 1-0: Called Strike 1-1: Swinging Strike 1-2: Foul Ball, location: 2F 1-2: Hit by Pitch Jim Towle to second
|
|
Batting: RHB Antonio Morado
|
0-0: Ball 1-0: Fielders Choice at 2nd, U4 (Groundball, 4M, EV 82.5 MPH)
|
| Bottom of the 6th over - 0 runs, 0 hits, 0 errors, 2 left on base; Lakewood 1 - Hagerstown 9 |
| TOP OF THE 7TH |
|
Lakewood BlueClaws batting - Pitching for Hagerstown Suns : LHP Gregg Huddleston
|
|
Batting: RHB Prabhukumar Santhanakrishnan
|
0-0: Foul Ball, location: 2F 0-1: Swinging Strike 0-2: Ball 1-2: Ball 2-2: Ground out 3-1 (Groundball, 34, EV 88.1 MPH)
|
|
Batting: RHB Frank Shelton
|
0-0: Ball 1-0: Foul Ball, location: 2F 1-1: Ball 2-1: Ball 3-1: Base on Balls
|
|
Batting: RHB Pedro Mata
|
0-0: Fielders Choice at 2nd, 4-6 (Groundball, 34, EV 101.2 MPH)
|
|
Batting: RHB Joe Hewitt
|
0-0: Ground out 4-3 (Groundball, 4, EV 101.9 MPH)
|
| Top of the 7th over - 0 runs, 0 hits, 0 errors, 1 left on base; Lakewood 1 - Hagerstown 9 |
| BOTTOM OF THE 7TH |
|
Hagerstown Suns batting - Pitching for Lakewood BlueClaws : RHP Francisco Tejada
|
|
Batting: RHB John Savard
|
0-0: Ball 1-0: Ball 2-0: Ball 3-0: Base on Balls
|
|
Batting: RHB Ben Welt
|
0-0: Swinging Strike 0-1: Ball 1-1: Ball 2-1: Ball 3-1: Base on Balls John Savard to second
|
|
Batting: LHB Evan Oliveri
|
0-0: Ball 1-0: Ball 2-0: Ball 3-0: Called Strike 3-1: Called Strike 3-2: Strikes out swinging
|
|
Pitching: RHP Georgs Felitti
|
|
|
Batting: RHB Steve Bauman
|
0-0: Called Strike 0-1: SINGLE (Groundball, 3D, EV 95.6 MPH) John Savard to third Ben Welt to second
|
|
Batting: RHB Gabe Almazan
|
0-0: Foul Ball, location: 2F 0-1: Ball 1-1: Called Strike 1-2: Fielders Choice at 2nd, 5-4 (Groundball, 15, EV 86.9 MPH) John Savard scores Ben Welt to third
|
|
Batting: RHB Jim Towle
|
0-0: Ball 1-0: Ball 2-0: Swinging Strike 2-1: Called Strike 2-2: Strikes out looking
|
| Bottom of the 7th over - 1 run, 1 hit, 0 errors, 2 left on base; Lakewood 1 - Hagerstown 10 |
| TOP OF THE 8TH |
|
Lakewood BlueClaws batting - Pitching for Hagerstown Suns : LHP Gregg Huddleston
|
|
Batting: RHB Mark Schultz
|
0-0: Ball 1-0: Ball 2-0: Ball 3-0: Foul Ball, location: 2F 3-1: Base on Balls
|
|
Pitching: RHP Manny Arguelles
|
|
|
Batting: RHB Carlos Morejon
|
0-0: Called Strike 0-1: Ball 1-1: Called Strike 1-2: Foul Ball, location: 2F 1-2: Ball 2-2: Foul Ball, location: 2F 2-2: Fly out, F9 (Flyball, 9S, EV 84.4 MPH)
|
|
Batting: RHB Pablo Lopez
|
0-0: Ball 1-0: Ground out 5-3 (Groundball, 5S, EV 67.5 MPH) Mark Schultz to second
|
|
Batting: RHB Vaclav Been
|
0-0: Fly out, F7 (Flyball, 7, EV 92.5 MPH)
|
| Top of the 8th over - 0 runs, 0 hits, 0 errors, 1 left on base; Lakewood 1 - Hagerstown 10 |
| BOTTOM OF THE 8TH |
|
Hagerstown Suns batting - Pitching for Lakewood BlueClaws : RHP Georgs Felitti
|
|
Batting: RHB Marcus Dawson
|
0-0: Ball 1-0: Foul Ball, location: 2F 1-1: Ground out 5-3 (Groundball, 56, EV 87.5 MPH)
|
|
Batting: RHB Chris Pynn
|
0-0: Ball 1-0: Swinging Strike 1-1: Ball 2-1: Ground out 4-3 (Groundball, 4S, EV 85.0 MPH)
|
|
Batting: RHB Antonio Morado
|
0-0: Called Strike 0-1: Ball 1-1: Called Strike 1-2: Strikes out swinging
|
| Bottom of the 8th over - 0 runs, 0 hits, 0 errors, 0 left on base; Lakewood 1 - Hagerstown 10 |
| TOP OF THE 9TH |
|
Lakewood BlueClaws batting - Pitching for Hagerstown Suns : RHP Manny Arguelles
|
|
Batting: LHB Alex Fernandez
|
0-0: SINGLE (Groundball, 34D, EV 108.8 MPH)
|
|
Batting: RHB Prabhukumar Santhanakrishnan
|
0-0: Called Strike 0-1: Ball 1-1: Called Strike 1-2: Ball 2-2: Ball 3-2: Strikes out looking
|
|
Batting: RHB Frank Shelton
|
0-0: SINGLE (Groundball, 56D, EV 94.4 MPH) Alex Fernandez to second
|
|
Batting: RHB Pedro Mata
|
0-0: Ball 1-0: Ball 2-0: Foul Ball, location: 2F 2-1: Ball 3-1: Base on Balls Alex Fernandez to third Frank Shelton to second
|
|
Batting: RHB Joe Hewitt
|
0-0: Foul Ball, location: 2F 0-1: Called Strike 0-2: Ball 1-2: Foul Ball, location: 2F 1-2: SINGLE (Groundball, 6D, EV 101.9 MPH) Alex Fernandez scores Frank Shelton to third Pedro Mata to second
|
|
Batting: RHB Mark Schultz
|
0-0: Called Strike 0-1: Ball 1-1: Ball 2-1: Called Strike 2-2: Strikes out swinging
|
|
Batting: SHB Brett St. Clair
|
0-0: Called Strike 0-1: Called Strike 0-2: Ball 1-2: Ball 2-2: Ball 3-2: Foul Ball, location: 2F 3-2: Foul Ball, location: 2F 3-2: Ground out 4-3 (Groundball, 4, EV 110.0 MPH)
|
| Top of the 9th over - 1 run, 3 hits, 0 errors, 3 left on base; Lakewood 2 - Hagerstown 10 |
|